 Dungeon Crawl Stone Soup version 0.23.2-40-g277498a001 (webtiles) character file.

Game seed: 2579475370417558849

39 Amplified the Magician (level 3, -6/28 HPs)
             Began as a Mummy Skald on Aug 20, 2019.
             Mangled by a worm (11 damage)
             ... on level 2 of the Dungeon.
             The game lasted 00:03:06 (1453 turns).

Amplified the Magician (Mummy Skald)                Turns: 1453, Time: 00:03:06

Health: -6/28      AC:  5    Str: 14    XL:     3   Next: 28%
Magic:  7/7        EV:  8    Int: 13    God:
Gold:   79         SH:  9    Dex: 11    Spells: 0/8 levels left

rFire    x . .     SeeInvis .   a - +0 mace
rCold    + + .     Gourm    .   f - +2 shield
rNeg     + + +     Faith    .   e - +1 leather armour {rC+}
rPois    ∞         Spirit   .   (no helmet)
rElec    .         Reflect  .   (no cloak)
rCorr    .         Harm     .   c - +0 pair of gloves
MR       .....                  (no boots)
Stlth    +.........             (no amulet)
HPRegen  0.09/turn              (no ring)
MPRegen  0.10/turn              (no ring)

@: very slightly contaminated
A: no food or potions, fire vulnerability, cold resistance 1, negative energy
resistance 3, torment resistance, unbreathing
a: no special abilities


You were on level 2 of the Dungeon.
You were not hungry.

You visited 1 branch of the dungeon, and saw 3 of its levels.

You collected 79 gold pieces.

Inventory:

Hand Weapons
 a - a +0 mace (weapon)
Missiles
 d - 2 needles of sleeping
Armour
 b - a +0 leather armour
 c - a +0 pair of gloves (worn)
 e - a +1 leather armour of cold resistance (worn)
 f - a +2 shield (worn)
Jewellery
 h - an uncursed amulet of harm {unknown}
Wands
 g - a wand of random effects (13)
Scrolls
 i - a scroll of fear {unknown}
 j - a scroll of teleportation {unknown}


   Skills:
 * Level 2.6 Fighting
 * Level 2.2 Maces & Flails
 - Level 0.7 Armour
 - Level 1.5 Dodging
 * Level 0.5 Shields
 - Level 3.2 Spellcasting
 - Level 2.4 Charms


You couldn't memorise any spells.
You knew the following spells:

 Your Spells              Type           Power        Failure   Level  Hunger
a - Infusion              Chrm           #...         56%         1    N/A
b - Song of Slaying       Chrm           #.......     71%         2    N/A
c - Shroud of Golubria    Chrm/Tloc      #.........   86%         2    N/A
d - Spectral Weapon       Hex/Chrm       #.......     98%         3    N/A

Your spell library contained the following spells:

 Spells                   Type           Power        Failure   Level  Hunger
 Regeneration             Chrm/Necr      Unusable     N/A         3    N/A

Dungeon Overview and Level Annotations

Branches:
Dungeon (3/15)

Altars:

Annotations:
D:3 Natasha


Innate Abilities, Weirdness & Mutations

You do not eat or drink.
Your flesh is vulnerable to fire.
You are immune to poison.
Your flesh is cold resistant. (rC+)
You are immune to negative energy. (rN+++)
You are immune to unholy pain and torment.
You can survive without breathing.


Message History

The worm bites you.
You hit the worm.
The worm is severely wounded.
You block the worm's attack.
You barely miss the worm.
The worm is severely wounded.
You hit the worm.
The worm is severely wounded.
You block the worm's attack.
You barely miss the worm.
The worm is severely wounded.
The worm bites you.
Your shield prevents you from hitting the worm.
The worm is severely wounded.
The worm bites you!
* * * LOW HITPOINT WARNING * * *
You hit the worm but do no damage.
The worm is heavily wounded.
The worm bites you!
You die...

#...##.......###.......
###...##.#####.########.#
#...............## #.#
#####.##.#...........######.#
#.....##.#...................
#####.###.##........[.#..######.#
....###.#.............## #.#
#..#..............#.## #.#
####..#.#....#..@....#.# #.#
.......#..#.###w######.# #..
#..>....## ##.## ##.## ###
#.####.## ##w# #...# ## ... #..##
##.## #...# #. ### #.#.###.##
#...# #. #....#w.#####...##### #.
...########)###...........####.
.....................>........!


You could see a worm.

Vanquished Creatures
  An adder (D:2)
  A worm (D:2)
  A dart slug (D:1)
  A leopard gecko (D:2)
  2 ball pythons
  A giant cockroach (D:1)
  4 goblins
  A hobgoblin (D:1)
  4 kobolds
  2 bats
  4 frilled lizards
  4 rats
26 creatures vanquished.

Notes
Turn   | Place    | Note
-------+----------+-------------------------------------------
     0 | D:1      | Amplified the Mummy Skald began the quest for the Orb.
     0 | D:1      | Reached XP level 1. HP: 16/16 MP: 4/4
    59 | D:1      | Reached skill level 3 in Spellcasting
   114 | D:1      | Reached XP level 2. HP: 16/22 MP: 4/6
   170 | D:1      | Learned a level 2 spell: Song of Slaying
   683 | D:3      | Learned a level 2 spell: Shroud of Golubria
   749 | D:3      | Noticed Natasha
  1040 | D:2      | Reached XP level 3. HP: 21/28 MP: 0/7
  1351 | D:2      | Learned a level 3 spell: Spectral Weapon
  1453 | D:2      | Mangled by a worm

Skill      XL: |  1  2 |
---------------+-------+-----
Spellcasting   | 3 |  3.2
Maces & Flails | 2 |  2.2
Fighting       | |  2.6
Armour         | |  0.7
Dodging        | |  1.5
Shields        | |  0.5
Charms         | |  2.4

Action                   || total
-------------------------++-------
Melee: Mace              ||   106
 Cast: Infusion          ||    13
  Use: Scroll            ||     2
 Stab: Sleeping          ||     1
Armor: Leather armour    ||    39
Dodge: Dodged            ||    45
Block: Shield            ||    25
